 Dungeon Crawl Stone Soup version 0.19-a0-965-g50bf062 (webtiles) character file.

2178 HAL9000 the Basher (level 9, -4/130 HPs)
             Began as an Ogre Hunter on July 12, 2016.
             Slain by Pikel
             ... wielding a +1 whip of electrocution
              (7 damage)
             ... on level 7 of the Dungeon.
             The game lasted 00:17:48 (7737 turns).

HAL9000 the Basher (Ogre Hunter)                    Turns: 7737, Time: 00:17:48

Health: -4/130     AC:  4    Str: 25      XL:     9   Next: 33%
Magic:  9/9        EV: 11    Int: 10      God:
Gold:   294        SH:  0    Dex: 11 (15) Spells: 0 memorised, 8 levels left

rFire  . . .     SeeInvis .     y - +0 giant spiked club
rCold  . . .     Gourm    +     b - +0 robe
rNeg   . . .     Faith    .     (shield currently unavailable)
rPois  +         Spirit   .     (helmet restricted)
rElec  .         Dismiss  .     N - +0 cloak
rCorr  .         Reflect  .     (gloves unavailable)
SustAt .         Harm     .     (boots unavailable)
MR     .....                    E - amulet of the gourmand
Stlth  ..........               w - +3 ring of dexterity
                                g - ring of poison resistance

@: berserking, very quick, not resistant to hostile enchantments, extremely
unstealthy
A: unfitting armour, tough skin 1
a: no special abilities


You were on level 7 of the Dungeon.
You were not hungry.

You visited 2 branches of the dungeon, and saw 8 of its levels.

You collected 294 gold pieces.

Inventory:

Hand Weapons
 y - a +0 giant spiked club (weapon)
Missiles
 d - 3 throwing nets (quivered)
Armour
 b - a +0 robe (worn)
 N - a +0 cloak (worn)
Jewellery
 g - a ring of poison resistance (left hand)
 w - a +3 ring of dexterity (right hand)
 E - an amulet of the gourmand (around neck)
 K - an uncursed ring of see invisible
Wands
 F - a wand of polymorph (7/24)
 G - a wand of flame (13/48)
 H - a wand of acid (15/15)
Scrolls
 l - 3 scrolls of teleportation
 p - 4 scrolls of amnesia
 r - a scroll of identify
 M - a scroll of magic mapping
Potions
 n - 6 potions of curing
 u - a potion of berserk rage
 x - a potion of haste
 A - a potion of degeneration
 I - a potion of agility {unknown}
Books
 J - a book of Transfigurations

   Spells                             Type                      Level
   a - Irradiate                      Conjuration/Transmutation    5
   b - Statue Form                    Transmutation/Earth          6
   c - Hydra Form                     Transmutation                6
   d - Dragon Form                    Transmutation                7
 L - a book of Maledictions

   Spells                             Type                      Level
   a - Corona                         Hexes                        1
   b - Ensorcelled Hibernation        Hexes/Ice                    2
   c - Confuse                        Hexes                        3
   d - Tukima's Dance                 Hexes                        3
   e - Dazzling Spray                 Conjuration/Hexes            3
Comestibles
 f - 8 bread rations
 j - a fruit
 k - 4 meat rations
 q - a royal jelly
 C - 3 beef jerkies


   Skills:
 + Level 4.9 Fighting
 * Level 13.4 Maces & Flails
 - Level 4.3 Throwing
 + Level 3.8 Dodging
 - Level 1.0 Stealth


You had 8 spell levels left.
You didn't know any spells.

Dungeon Overview and Level Annotations

Branches:
Dungeon (7/15)             Temple (1/1) D:4

Altars:
Cheibriados
Elyvilon
Gozag
Hepliaklqana
Kikubaaqudgha
Okawaru
Pakellas
Qazlal
Ru
Sif Muna
Trog
Uskayaw
Yredelemnul
Zin
The Shining One

Annotations:
D:7 Pikel


Innate Abilities, Weirdness & Mutations

You are too large for most types of armour.
You have tough skin. (AC +1)


Message History

You are electrocuted!
You bludgeon Pikel!!
Pikel is heavily wounded.
Pikel hits you with a whip of electrocution.
You are electrocuted!
* * * LOW HITPOINT WARNING * * *
Okay, then.
A red film seems to cover your vision as you go berserk!
You feel yourself moving faster!
You feel mighty! Pikel hits you but does no damage.
You are electrocuted!
* * * LOW HITPOINT WARNING * * *
Unknown command.
You closely miss Pikel.
Pikel is heavily wounded.
Pikel hits you with a whip of electrocution.
* * * LOW HITPOINT WARNING * * *
You closely miss Pikel.
Pikel is heavily wounded.
Pikel hits you with a whip of electrocution!
You die... ... .# ... ..# .. .. .. .. .###p poo

#K#############
#@#...........#
#.#.#########.#
#...#.........#
#######.#########
#. #.......######
...#............#
###..#............#
#....#..###########
#....#..#


You could see Pikel, 2 slaves and 2 orcs.

Vanquished Creatures
  Grinder (D:5)
  A spriggan (D:7)
  Menkaure (D:6)
  Edmund (D:4)
  Duvessa (D:5)
  A slave (D:7)
  2 sky beasts (D:6)
  A phantom (D:4)
  3 ogres
  A big kobold (D:6)
  Blork the orc (D:5)
  Dowan (D:5)
  A killer bee (D:7)
  A crimson imp (D:7)
  A quasit (D:7)
  A hound (D:3)
  4 orc priests
  A giant frog skeleton (D:4)
  Terence (D:2)
  An iguana (D:7)
  4 orc wizards
  7 worker ants
  6 adders
  An adder zombie (D:7)
  A worm (D:2)
  2 dart slugs (D:2)
  4 giant geckos
  17 orcs
  6 bats
  7 giant cockroaches
  14 goblins
  12 hobgoblins
  3 jackals
  5 kobolds
  A quokka (D:2)
  2 ball pythons
  4 giant newts
  A quokka zombie (D:6)
  5 rats
128 creatures vanquished.

Notes
Turn   | Place    | Note
-------+----------+-------------------------------------------
     0 | D:1      | HAL9000 the Ogre Hunter began the quest for the Orb.
     0 | D:1      | Reached XP level 1. HP: 22/22 MP: 1/1
   191 | D:1      | Reached XP level 2. HP: 31/31 MP: 2/2
   933 | D:1      | Reached XP level 3. HP: 34/37 MP: 3/3
   972 | D:1      | Reached skill level 1 in Maces & Flails
  1178 | D:2      | Reached skill level 1 in Stealth
  1351 | D:2      | Noticed Terence
  1507 | D:2      | Reached skill level 2 in Maces & Flails
  1527 | D:2      | Killed Terence
  1527 | D:2      | Reached skill level 3 in Maces & Flails
  1527 | D:2      | Reached XP level 4. HP: 29/45 MP: 4/4
  1955 | D:2      | Found a sacrificial altar of Ru.
  2600 | D:3      | Reached skill level 4 in Maces & Flails
  2845 | D:3      | Reached XP level 5. HP: 50/53 MP: 5/5
  3039 | D:3      | Reached skill level 5 in Maces & Flails
  3614 | D:4      | Reached skill level 6 in Maces & Flails
  3926 | D:4      | Reached XP level 6. HP: 46/61 MP: 6/6
  4012 | D:4      | Found a staircase to the Ecumenical Temple.
  4115 | Temple   | Entered the Ecumenical Temple
  4537 | D:4      | Reached skill level 7 in Maces & Flails
  4607 | D:4      | Reached skill level 8 in Maces & Flails
  4693 | D:4      | Reached XP level 7. HP: 59/67 MP: 7/7
  4715 | D:4      | Noticed Edmund
  4734 | D:4      | Killed Edmund
  4734 | D:4      | Reached skill level 9 in Maces & Flails
  4976 | D:4      | Reached skill level 10 in Maces & Flails
  5014 | D:5      | Entered Level 5 of the Dungeon
  5024 | D:5      | Noticed Blork the orc
  5261 | D:5      | Killed Blork the orc
  5269 | D:5      | Reached XP level 8. HP: 62/75 MP: 8/8
  5468 | D:5      | Noticed Dowan
  5471 | D:5      | Noticed Duvessa
  5476 | D:5      | Killed Duvessa
  5476 | D:5      | Reached skill level 11 in Maces & Flails
  5477 | D:5      | Killed Dowan
  5701 | D:5      | Noticed Grinder
  5721 | D:5      | Killed Grinder
  5721 | D:5      | Reached skill level 12 in Maces & Flails
  6189 | D:6      | Noticed Menkaure
  6195 | D:6      | Killed Menkaure
  6740 | D:6      | Reached XP level 9. HP: 63/84 MP: 9/9
  6884 | D:6      | Reached skill level 13 in Maces & Flails
  7394 | D:7      | Found a stormy altar of Qazlal.
  7723 | D:7      | Noticed Pikel
  7735 | D:7      | HP: 6/130 [Pikel/whip of electrocution (14)]
  7737 | D:7      | Slain by Pikel

Vault maps used:
D:1:      dpeg_arrival_arbitrary_c
D:2:      nicolae_ru_sacrificial_ziggurat, uniq_terence
D:4:      uniq_edmund
D:5:      first_bread, uniq_blork_the_orc, uniq_duvessa, uniq_grinder
D:6:      uniq_menkaure
D:7:      minitemple, old_standard_altar, the_bakery, uniq_crazy_yiuf_cottage,
          uniq_pikel
Temple:   nicolae_temple_figure_eight

Skill      XL: |  1  2  3  4  5  6  7  8  9 |
---------------+----------------------------+-----
Fighting       | 3 4 |  4.9
Dodging        | 2 3 |  3.8
Maces & Flails | 3 4 6 8 10 12 13 | 13.4
Stealth        | 1 |  1.0
Throwing       | |  4.3

Action                   |  1- 3 |  4- 6 |  7- 9 || total
-------------------------+-------+-------+-------++-------
Melee: Short sword       |    87 |       |       ||    87
       Club              |    17 |       |       ||    17
       Whip              |    53 |   256 |       ||   309
       Giant spiked club |       |     9 |   145 ||   154
Throw: Large rock        |     1 |    13 |    19 ||    33
       Throwing net      |       |     1 |     2 ||     3
  Use: Scroll            |       |     2 |    14 ||    16
       Potion            |       |       |     2 ||     2
 Stab: Distracted        |       |     1 |       ||     1
       Held in net/web   |       |       |     1 ||     1
       Sleeping          |       |       |     1 ||     1
  Eat: Chunk             |     2 |    10 |    15 ||    27
Armor: Robe              |    47 |    50 |    51 ||   148
Dodge: Dodged            |   110 |   118 |    72 ||   300
